 Dungeon Crawl Stone Soup version 0.19-a0-1260-gc94d3f7 (webtiles) character file.

802 truemonolith the Basher (level 7, -11/53 HPs)
             Began as a Demigod Gladiator on Aug 28, 2016.
             Mangled by a komodo dragon (15 damage)
             ... on level 6 of the Dungeon.
             The game lasted 00:09:16 (6679 turns).

truemonolith the Basher (Demigod Gladiator)         Turns: 6679, Time: 00:09:17

Health: -11/53     AC: 15    Str: 18    XL:     7   Next: 33%
Magic:  9/9        EV:  3    Int: 18    God:
Gold:   403        SH: 10    Dex: 21    Spells: 0 memorised, 6 levels left

rFire  . . .     SeeInvis .     a - +0 flail
rCold  . . .     Gourm    .     y - +2 plate armour of the Moon Troll {*Drain MR+ Int+4 Dex+3}
rNeg   . . .     Faith    .     h - +2 shield
rPois  .         Spirit   .     c - +0 helmet
rElec  .         Dismiss  .     f - +0 cloak
rCorr  .         Reflect  .     (no gloves)
MR     +....     Harm     .     C - +0 pair of boots
Stlth  ..........               (no amulet)
                                (no ring)
                                (no ring)

@: no status effects
A: high mp 1
a: no special abilities


You were on level 6 of the Dungeon.
You were full.

You visited 1 branch of the dungeon, and saw 6 of its levels.

You collected 403 gold pieces.

Inventory:

Hand Weapons
 a - a +0 flail (weapon)
Missiles
 d - 4 throwing nets (quivered)
Armour
 b - a +0 leather armour
 c - a +0 helmet (worn)
 f - a +0 cloak (worn)
 g - a +2 robe of magic resistance
 h - a +2 shield (worn)
 x - the +5 chain mail "Yjahen" {rElec MP+9 Str-2 Int+6}
   (You found it on level 4 of the Dungeon)

   It affects your strength (-2).
   It affects your intelligence (+6).
   It insulates you from electricity.
   It affects your magic capacity (+9).
 y - the +2 plate armour of the Moon Troll (worn) {*Drain MR+ Int+4 Dex+3}
   (You found it on level 5 of the Dungeon)

   It affects your intelligence (+4).
   It affects your dexterity (+3).
   It affects your resistance to hostile enchantments.
   It causes draining when unequipped.
 C - a +0 pair of boots (worn)
Jewellery
 r - a cursed -3 ring of evasion {unknown}
 t - an uncursed ring of ice
 v - an uncursed ring of stealth {unknown}
Wands
 m - a wand of disintegration (14/24)
 z - a wand of random effects (15/48)
Scrolls
 l - 2 scrolls of remove curse {unknown}
 q - 7 scrolls of identify
 s - a scroll of blinking {unknown}
 u - a scroll of enchant armour {unknown}
 w - 2 scrolls of teleportation {unknown}
 B - a scroll of recharging {unknown}
Potions
 e - 3 potions of flight
 j - a potion of lignification
 k - a potion of ambrosia {unknown}
 o - 5 potions of curing
 A - a potion of cancellation {unknown}
Comestibles
 i - 2 royal jellies
 n - 2 beef jerkies
 p - 5 bread rations


   Skills:
 - Level 1.7 Fighting
 - Level 8.1 Maces & Flails
 - Level 1.7 Throwing
 + Level 1.2 Armour
 - Level 2.6 Dodging


You had 6 spell levels left.
You didn't know any spells.

Dungeon Overview and Level Annotations

Branches:
Dungeon (6/15)             Temple (0/1) D:5


Innate Abilities, Weirdness & Mutations

You have an increased reservoir of magic. (+10% MP)


Message History

Found a stone staircase leading down.
The komodo dragon bites you!
Found 18 gold pieces.
You hit the komodo dragon.
The komodo dragon is lightly wounded.
The komodo dragon bites you but does no damage.
Your plate armour of the Moon Troll prevents you from hitting the komodo dragon.
The komodo dragon is lightly wounded.
The komodo dragon bites you!!
You hit the komodo dragon but do no damage.
The komodo dragon is lightly wounded.
The komodo dragon bites you but does no damage.
You hit the komodo dragon but do no damage.
The komodo dragon is lightly wounded.
The komodo dragon bites you!!
* * * LOW HITPOINT WARNING * * *
You hit the komodo dragon.
The komodo dragon is lightly wounded.
The komodo dragon bites you!
You die...

.# #..............#
o###...............
...##.......###....
...###......# ...
...# #......# ...#
##....a# ...#
#...o.# ####
#.>...##########..
#....oooal@.......
#...$#############
#.... #.... #....
#.... #....


You could see a komodo dragon, an orc warrior, a worker ant and 2 orcs.

Vanquished Creatures
  Eustachio (D:4)
  The ghost of rlgrobin the Scratcher, an amateur FeCK of Xom (D:5)
  A centaur (D:6)
  A crimson imp (D:5)
  A hound (D:4)
  A jelly (D:6)
  An orc priest (D:3)
  Crazy Yiuf (D:2)
  3 worker ants
  8 adders
  A gnoll (D:1)
  2 shadow imps
  3 oozes (D:1)
  3 worms
  3 dart slugs
  3 giant geckos
  11 orcs
  2 ball pythons (D:2)
  A bat (D:2)
  3 giant cockroaches (D:1)
  10 hobgoblins
  12 kobolds
  3 quokkas
  A ball python skeleton (D:4)
  A giant gecko zombie (D:5)
  5 giant newts
  9 goblins
  9 rats
  A spectral orc (D:5)
102 creatures vanquished.

Notes
Turn   | Place    | Note
-------+----------+-------------------------------------------
     0 | D:1      | truemonolith the Demigod Gladiator began the quest for the Orb.
     0 | D:1      | Reached XP level 1. HP: 17/17 MP: 3/3
    30 | D:1      | Reached skill level 3 in Maces & Flails
   322 | D:1      | Reached XP level 2. HP: 17/24 MP: 4/4
   629 | D:1      | Reached XP level 3. HP: 25/29 MP: 5/5
   689 | D:1      | Reached skill level 4 in Maces & Flails
  1307 | D:2      | Found a runed door.
  1386 | D:2      | Reached XP level 4. HP: 13/36 MP: 6/6
  1624 | D:2      | Noticed Crazy Yiuf
  1630 | D:2      | Killed Crazy Yiuf
  1754 | D:2      | Reached skill level 5 in Maces & Flails
  2544 | D:3      | Reached XP level 5. HP: 30/41 MP: 7/7
  3745 | D:4      | Reached skill level 6 in Maces & Flails
  3846 | D:4      | Found an opulent altar of Gozag.
  3847 | D:4      | Found a sparkling altar of Nemelex Xobeh.
  3991 | D:4      | Noticed Eustachio
  4024 | D:4      | Killed Eustachio
  4024 | D:4      | Reached XP level 6. HP: 14/48 MP: 8/8
  4560 | D:4      | Reached skill level 7 in Maces & Flails
  4565 | D:4      | Got a pitted chain mail
  4576 | D:4      | Identified the +5 chain mail "Yjahen" {rElec MP+9 Str-2 Int+6} (You found it on level 4 of the Dungeon)
  4675 | D:5      | Entered Level 5 of the Dungeon
  4681 | D:5      | Got a polished plate armour
  4692 | D:5      | Identified the +2 plate armour of the Moon Troll {*Drain MR+ Int+4 Dex+3} (You found it on level 5 of the Dungeon)
  4708 | D:5      | Noticed rlgrobin's ghost (amateur FeCK)
  4736 | D:4      | HP: 2/48 [hound (3)]
  5168 | D:5      | Killed rlgrobin's ghost
  5423 | D:5      | Reached XP level 7. HP: 47/53 MP: 9/9
  5429 | D:5      | Found a hazy altar of Hepliaklqana.
  5491 | D:5      | Found a staircase to the Ecumenical Temple.
  5522 | D:5      | Found a basalt altar of Yredelemnul.
  5575 | D:5      | Found a shadowy altar of Dithmenos.
  5629 | D:5      | Found a blossoming altar of Fedhas.
  5888 | D:6      | Reached skill level 8 in Maces & Flails
  6508 | D:6      | Reached skill level 1 in Armour
  6661 | D:6      | Noticed a komodo dragon
  6679 | D:6      | Mangled by a komodo dragon

Vault maps used:
D:1:      erik_arrival_gehennom
D:2:      first_bread, uniq_crazy_yiuf_cottage
D:3:      minivault_11
D:4:      grunt_temple_overflow_opulence, uniq_eustachio
D:5:      yredelemnul_forgotten_temple_becter, lemuel_crystal_altar,
          basic_altar, grunt_dithmenos_smoke_and_mirrors
D:6:      grunt_gozag_breadcrumbs, uniq_edmund

Skill      XL: |  1  2  3  4  5  6  7 |
---------------+----------------------+-----
Maces & Flails | 3 4 5 6 7 8 |  8.1
Armour         | 1 |  1.2
Fighting       | |  1.7
Throwing       | |  1.7
Dodging        | |  2.6

Action                   |  1- 3 |  4- 6 |  7- 9 || total
-------------------------+-------+-------+-------++-------
Melee: Flail             |   113 |   212 |    74 ||   399
  Use: Scroll            |       |     5 |       ||     5
       Potion            |       |     1 |       ||     1
 Stab: Sleeping          |     4 |     5 |       ||     9
  Eat: Chunk             |     1 |     1 |       ||     2
       Bread ration      |       |     3 |       ||     3
       Beef jerky        |       |     1 |       ||     1
       Meat ration       |       |       |     1 ||     1
       Pizza             |       |       |     1 ||     1
Armor: Leather armour    |     7 |       |       ||     7
       Robe              |    28 |    46 |       ||    74
       Plate armour      |       |    27 |    31 ||    58
Dodge: Dodged            |    79 |    79 |     6 ||   164
Block: Shield            |       |   109 |    40 ||   149
